 Dungeon Crawl Stone Soup version 0.25-a0-24-g72dcfe0359 (webtiles) character file.

Game seed: 15066622626138551063, levelgen mode: deterministic

8670 Froggeryz the Slicer (level 11, -1/115 HPs)
             Began as a Gnoll Chaos Knight on Oct 17, 2019.
             Was a Plaything of Xom.
             Slain by a polar bear (16 damage)
             ... in an ice cave.
             The game lasted 00:30:13 (10967 turns).

Froggeryz the Slicer (Gnoll Chaos Knight)          Turns: 10967, Time: 00:30:13

Health: -1/115     AC: 14    Str: 15    XL:     11   Next: 34%
Magic:  20/20      EV: 17    Int: 18    God:    Xom [...*..]
Gold:   3901       SH: 10    Dex: 16    Spells: 10/22 levels left

rFire    + + .     SeeInvis .   x - +3 whip (venom)
rCold    + . .     Gourm    .   y - +0 buckler
rNeg     . . .     Faith    .   F - +2 robe {rC+ rF+}
rPois    .         Spirit   .   t - +1 helmet
rElec    .         Reflect  .   A - +0 cloak
rCorr    .         Harm     .   (no gloves)
MR       .....                  p - +2 pair of boots {Fly}
Stlth    +++.......             M - amulet of regeneration
HPRegen  0.69/turn              (no ring)
MPRegen  0.17/turn              (no ring)

@: flying
A: distributed training, fangs 1, large bone plates 1, slimy green scales 1,
clever 1, fire resistance 1, sense surroundings 1, robust 3, shaggy fur 1,
MP-powered wands, strong nose
a: Renounce Religion, Stop Flying


You were in an ice cave.
You worshipped Xom.
You were a favourite toy of Xom.
You were hungry.

You visited 2 branches of the dungeon, and saw 11 of its levels.
You also visited: Ice Cave.

You collected 4309 gold pieces.
You spent 408 gold pieces at shops.

Inventory:

Hand Weapons
 a - a +0 short sword of chaos
 i - a +2 dagger of holy wrath
 k - a +0 hunting sling of flaming
 m - the +4 arbalest of Xom's Fury {chaos, rF+ rC- Str+4 Stlth+}
   (Xom gifted it to you on level 8 of the Dungeon)

   Each projectile launched from it has a different, random effect.
   It affects your strength (+4).
   It protects you from fire.
   It makes you vulnerable to cold.
   It makes you more stealthy.
 q - a +3 hand axe of flaming
 r - a +2 short sword of draining
 v - a +3 hunting sling of flaming
 x - a +3 whip of venom (weapon)
Missiles
 f - 53 sling bullets
 j - 72 bolts
 s - 8 javelins (quivered)
 z - 69 poisoned darts
Armour
 p - a +2 pair of boots of flying (worn)
 t - a +1 helmet (worn)
 y - a +0 buckler (worn)
 A - a +0 cloak (worn)
 F - a +2 robe of resistance (worn)
 L - a +1 robe of fire resistance
Jewellery
 B - an uncursed ring of fire
 J - an uncursed ring of fire
 M - an amulet of regeneration (around neck)
Wands
 u - a wand of iceblast (21)
 H - a wand of flame (33)
 K - a wand of scattershot (6)
Scrolls
 n - 6 scrolls of fog
 o - 7 scrolls of remove curse
 D - 3 scrolls of amnesia
 G - 10 scrolls of teleportation
 I - 6 scrolls of identify
Potions
 d - 3 potions of haste
 e - 4 potions of lignification
 g - 4 potions of might
 h - a potion of mutation
 l - 3 potions of agility
 C - a potion of resistance
 E - 3 potions of ambrosia
Comestibles
 b - a chunk of flesh
 c - 25 rations


   Skills:
 + Level 9.0 Fighting
 + Level 9.0 Short Blades
 + Level 6.1 Long Blades
 + Level 6.1 Axes
 + Level 6.1 Maces & Flails
 + Level 6.1 Polearms
 + Level 6.1 Staves
 + Level 6.1 Slings
 + Level 6.1 Bows
 + Level 6.1 Crossbows
 + Level 6.1 Throwing
 + Level 7.7 Armour
 + Level 6.7 Dodging
 + Level 6.1 Stealth
 + Level 6.1 Shields
 + Level 6.1 Unarmed Combat
 + Level 6.1 Spellcasting
 + Level 5.0 Conjurations
 + Level 5.0 Hexes
 + Level 5.0 Charms
 + Level 5.0 Summonings
 + Level 5.0 Necromancy
 + Level 5.0 Translocations
 + Level 5.0 Transmutations
 + Level 5.0 Fire Magic
 + Level 5.0 Ice Magic
 + Level 5.0 Air Magic
 + Level 5.0 Earth Magic
 + Level 5.0 Poison Magic
 + Level 6.7 Invocations
 + Level 6.1 Evocations


You had 10 spell levels left.
You knew the following spells:

 Your Spells              Type           Power        Failure   Level  Hunger
a - Swiftness             Chrm/Air       ###.....     2%          2    None
b - Spider Form           Tmut/Pois      ###.......   4%          3    ##.....
c - Tukima's Dance        Hex            ###.....     4%          3    ##.....
d - Summon Lightning Spi  Summ/Air       ###.....     14%         4    ####...

Your spell library contained the following spells:

 Spells                   Type           Power        Failure   Level  Hunger
 Beastly Appendage        Tmut           ###...       1%          1    None
 Corona                   Hex            ###....      1%          1    None
 Shock                    Conj/Air       ###.         1%          1    None
 Ensorcelled Hibernation  Hex/Ice        ###...       2%          2    None
 Sticks to Snakes         Tmut           ###.....     2%          2    None
 Confuse                  Hex            ###.....     4%          3    ##.....
 Dazzling Spray           Conj/Hex       ###...       4%          3    ##.....
 Inner Flame              Hex/Fire       ###.....     4%          3    ##.....
 Static Discharge         Conj/Air       ###.....     4%          3    ##.....
 Airstrike                Air            ###.......   14%         4    ####...
 Ice Form                 Ice/Tmut       ###.....     14%         4    ####...
 Petrify                  Tmut/Erth      ###.....     14%         4    ####...
 Sticky Flame             Conj/Fire      ###.....     14%         4    ####...
 Blade Hands              Tmut           ###.......   38%         5    #####..
 Lightning Bolt           Conj/Air       ###.......   38%         5    #####..
 Silence                  Hex/Air        ###.......   38%         5    #####..
 Conjure Ball Lightning   Conj/Air       ###.......   92%         6    #######
 Deflect Missiles         Chrm/Air       ###.......   92%         6    #######
 Ignition                 Fire           ###.......   100%        8    #######
 Tornado                  Air            ###.......   100%        9    #######


Dungeon Overview and Level Annotations

Branches:
Dungeon (10/15)            Temple (0/1) D:6            Lair (1/6) D:10
    Orc (0/2) D:10          IceCv (1/1)

Altars:
Ashenzari
Elyvilon
Gozag
Hepliaklqana
Makhleb
Qazlal
Sif Muna
Vehumet
Xom
Yredelemnul

Shops:
D:10 [


Innate Abilities, Weirdness & Mutations

Your experience applies equally to all skills.
You have very sharp teeth.
Your uncanny sense of smell can sniff out nearby items.
You are partially covered in large bone plates. (SH +4)
You are partially covered in slimy green scales. (AC +2)
Your mind is acute. (Int +2)
Your flesh is heat resistant. (rF+)
You passively map a small area around you.
You are extremely robust. (+30% HP)
You are covered in fur. (AC +1)
You expend magic power (3 MP) to strengthen your wands.


Message History

Unknown command.
Evoke which item? (* to show all) (? for menu, Esc to quit)
Okay, then.
Unknown command.
You feel better.
You kill the polar bear!
Your crimson imp barely misses the polar bear.
The polar bear closely misses you.
The polar bear claws you but does no damage.
The polar bear closely misses you. The polar bear misses you.
The polar bear closely misses you. The polar bear misses you.
Unknown command.
Your crimson imp closely misses the polar bear.
The polar bear goes berserk!
You see here a wolf corpse.
Unknown command.
Unknown command.
You hear an angry growl.
The polar bear bites you!
You die...

#..# #...##**,*,*,*
##.## #.⌠.#**,****,,
#..# ####...#
,,*****, #.##
#......#*,** ≈≈**
##..###.#...##,
*≈≈≈≈≈≈
##....#.##..##*,**≈≈≈
** #†###†#.#####
*,,**≈≈* * ##÷.###.#
*,,,****,, ##.8# #@##
***, **,,, #..##
##h### *,,,*,*, #.##
#h5†## **,,,,** ##.#
##h..#* *,,,* *
#.#### #.#†.#*
**,**** #.##§##
###...# ****,*
#..#§§####**.#.# *,*,
#.#§§§§§.##,##.#*
*****
##.##§☼§..##,*,.*
*,**,


You could see 3 polar bears and a friendly crimson imp.

Vanquished Creatures
  A hydra (D:9)
  A two-headed ogre (D:10)
  3 polar bears (IceCv)
  4 hippogriffs
  2 dream sheep (D:9)
  4 yaks
  A hungry ghost (D:8)
  2 ice beasts
  2 orc warriors
  3 sky beasts
  2 phantoms (D:5)
  2 ogres (D:6)
  11 wolves
  A centaur (D:5)
  3 big kobolds (D:9)
  Blork the orc (D:4)
  A gnoll sergeant (D:10)
  2 wyvern zombies
  A wyvern skeleton (D:6)
  3 scorpions
  4 wights (D:10)
  3 howler monkeys
  2 crimson imps
  A quasit (D:10)
  A centaur zombie (D:6)
  10 hounds
  4 jellies
  A centaur skeleton (D:5)
  3 orc priests
  An iron imp (Lair:1)
  5 orc wizards
  A bullfrog skeleton (D:6)
  Jessica (D:3)
  Ijyb (D:3)
  An iguana (D:5)
  4 worker ants
  Robin (D:3)
  7 gnolls
  4 adders
  A shadow imp (D:5)
  12 white imps
  2 oozes
  2 adder skeletons
  2 worms
  20 orcs
  9 giant cockroaches
  16 goblins
  6 hobgoblins
  8 jackals (D:6)
  8 kobolds
  3 quokkas
  8 bats
  6 frilled lizards
  2 leopard gecko skeletons
  10 rats
  3 plants (D:10)
223 creatures vanquished.

Vanquished Creatures (collateral kills)
  A two-headed ogre (D:10)
  2 polar bears (IceCv)
  2 yaks (IceCv)
  3 wolves (IceCv)
  An orc wizard (D:6)
  An orc (D:6)
10 creatures vanquished.

Vanquished Creatures (others)
  4 dancing weapons (D:10)
  A wolf (IceCv)
  2 goblins (D:3)
7 creatures vanquished.

Grand Total: 240 creatures vanquished

Notes
Turn   | Place    | Note
-------+----------+-------------------------------------------
     0 | D:1      | Froggeryz the Gnoll Chaos Knight began the quest for the
                  | Orb.
     0 | D:1      | Reached XP level 1. HP: 23/23 MP: 1/1
    89 | D:1      | XOM: divination: detect creatures
   130 | D:1      | Reached XP level 2. HP: 26/29 MP: 2/2
   661 | D:2      | You fall into a shaft and drop 2 floors!
   677 | D:3      | Found a basalt altar of Yredelemnul.
   691 | D:3      | XOM: harmless Chrm miscast
   691 | D:3      | Noticed Ijyb
   709 | D:2      | Reached XP level 3. HP: 24/35 MP: 3/3
   995 | D:2      | Reached skill level 1 in Invocations
  1087 | D:2      | Found a shattered altar of Ashenzari.
  1095 | D:2      | Reached skill level 1 in Long Blades
  1095 | D:2      | Reached skill level 1 in Axes
  1095 | D:2      | Reached skill level 1 in Maces & Flails
  1095 | D:2      | Reached skill level 1 in Polearms
  1095 | D:2      | Reached skill level 1 in Staves
  1095 | D:2      | Reached skill level 1 in Slings
  1095 | D:2      | Reached skill level 1 in Bows
  1095 | D:2      | Reached skill level 1 in Crossbows
  1095 | D:2      | Reached skill level 1 in Throwing
  1095 | D:2      | Reached skill level 1 in Stealth
  1095 | D:2      | Reached skill level 1 in Shields
  1095 | D:2      | Reached skill level 1 in Unarmed Combat
  1095 | D:2      | Reached skill level 1 in Spellcasting
  1095 | D:2      | Reached skill level 1 in Evocations
  1095 | D:2      | Reached XP level 4. HP: 22/41 MP: 5/5
  1185 | D:2      | XOM: harmless Ice miscast
  1539 | D:2      | XOM: harmless Necr miscast
  1615 | D:2      | XOM: harmless Necr miscast
  1658 | D:2      | XOM: scenery: create altars
  1710 | D:3      | XOM: butterfly on damage
  1720 | D:2      | Reached skill level 1 in Conjurations
  1720 | D:2      | Reached skill level 1 in Hexes
  1720 | D:2      | Reached skill level 1 in Charms
  1720 | D:2      | Reached skill level 1 in Summonings
  1720 | D:2      | Reached skill level 1 in Necromancy
  1720 | D:2      | Reached skill level 1 in Translocations
  1720 | D:2      | Reached skill level 1 in Transmutations
  1720 | D:2      | Reached skill level 1 in Fire Magic
  1720 | D:2      | Reached skill level 1 in Ice Magic
  1720 | D:2      | Reached skill level 1 in Air Magic
  1720 | D:2      | Reached skill level 1 in Earth Magic
  1720 | D:2      | Reached skill level 1 in Poison Magic
  1931 | D:3      | Reached XP level 5. HP: 46/47 MP: 6/6
  2016 | D:3      | XOM: cast spell 'Death Channel'
  2062 | D:2      | XOM: cloud trail
  2217 | D:3      | Killed Ijyb
  2295 | D:3      | XOM: cast spell 'Dispersal'
  2297 | D:3      | XOM: potion effect (invisibility)
  2299 | D:3      | Noticed Robin
  2324 | D:3      | Killed Robin
  2326 | D:3      | XOM: smoke on damage
  2331 | D:3      | Reached XP level 6. HP: 25/53 MP: 8/8
  2551 | D:3      | XOM: silly message
  2711 | D:3      | Noticed Jessica
  2719 | D:3      | Killed Jessica
  2952 | D:4      | Noticed Blork the orc
  2963 | D:4      | Killed Blork the orc
  2963 | D:4      | Reached skill level 5 in Armour
  3342 | D:4      | XOM: harmless Chrm miscast
  3408 | D:4      | XOM: harmless Pois miscast
  3591 | D:4      | XOM: 3-stop teleportation journey
  3679 | D:5      | Entered Level 5 of the Dungeon
  3684 | D:5      | XOM: confusion (+ monsters)
  3717 | D:5      | Reached XP level 7. HP: 57/59 MP: 10/10
  3717 | D:5      | XOM: harmless Chrm miscast
  3765 | D:5      | XOM: chaos cloud
  3797 | D:5      | XOM: noise
  3802 | D:5      | Learned a level 2 spell: Swiftness
  3867 | D:5      | XOM: enchant monster (bad)
  4163 | D:5      | XOM: blink monster(s)
  4196 | D:5      | XOM: scenery: 1 doors open
  4222 | D:5      | XOM: enchant monster (good)
  4275 | D:6      | XOM: give mutations
  4275 | D:6      | Gained mutation: You have sharp fingernails. [Xom's grace]
  4275 | D:6      | Gained mutation: Your spells are a little harder to cast,
                  | but a little more powerful. [Xom's grace]
  4341 | D:6      | XOM: scenery: create altars
  4574 | D:5      | XOM: smoke on damage
  4757 | D:5      | Reached XP level 8. HP: 49/67 MP: 12/12
  4892 | D:5      | XOM: give mutation
  4892 | D:5      | Gained mutation: You are partially covered in molten
                  | scales. (AC +2) [Xom's grace]
  5057 | D:5      | XOM: potion effect (haste)
  5072 | D:5      | Found a shimmering blue altar of Sif Muna.
  5375 | D:6      | Found a staircase to the Ecumenical Temple.
  5376 | D:6      | XOM: summons friendly shadow imp
  5523 | D:6      | You fall into a shaft and drop 2 floors!
  5720 | D:6      | XOM: give mutation
  5720 | D:6      | Gained mutation: Your spells are harder to cast, but more
                  | powerful. [Xom's grace]
  5735 | D:6      | Reached XP level 9. HP: 69/72 MP: 14/14
  5739 | D:6      | XOM: polymorph crimson imp -> shadow imp
  5741 | D:6      | XOM: polymorph shadow imp -> white imp
  5766 | D:6      | Found a stormy altar of Qazlal.
  5797 | D:6      | XOM: 4-stop teleportation journey
  5900 | D:6      | XOM: cleaving
  6062 | D:7      | XOM: blink monster(s)
  6167 | D:7      | XOM: medium Air miscast
  6607 | D:7      | XOM: scenery: 1 doors close
  6757 | D:8      | Lost mutation: Your spells are harder to cast, but more
                  | powerful. [potion of mutation]
  6757 | D:8      | Lost mutation: Your spells are a little harder to cast, but
                  | a little more powerful. [potion of mutation]
  6757 | D:8      | Lost mutation: You have sharp fingernails. [potion of
                  | mutation]
  6757 | D:8      | Gained mutation: You are robust. (+10% HP) [potion of
                  | mutation]
  6757 | D:8      | Gained mutation: You are dopey. (Int -2) [potion of
                  | mutation]
  6757 | D:8      | Gained mutation: You passively map a small area around you.
                  | [potion of mutation]
  6758 | D:8      | Lost mutation: You are robust. (+10% HP) [potion of
                  | mutation]
  6758 | D:8      | Lost mutation: You are dopey. (Int -2) [potion of mutation]
  6758 | D:8      | Lost mutation: You are partially covered in molten scales.
                  | (AC +2) [potion of mutation]
  6758 | D:8      | Gained mutation: You are partially covered in large bone
                  | plates. (SH +4) [potion of mutation]
  6758 | D:8      | Gained mutation: You expend magic power (3 MP) to
                  | strengthen your wands. [potion of mutation]
  6758 | D:8      | Gained mutation: You are robust. (+10% HP) [potion of
                  | mutation]
  6968 | D:8      | Reached skill level 5 in Dodging
  7013 | D:8      | XOM: severe Necr miscast
  7095 | D:8      | XOM: cloud trail
  7282 | D:8      | XOM: scenery: 1 doors close
  7308 | D:8      | XOM: give mutations
  7308 | D:8      | Gained mutation: Your flesh is heat resistant. (rF+) [Xom's
                  | grace]
  7308 | D:8      | Gained mutation: Your mind is acute. (Int +2) [Xom's grace]
  7308 | D:8      | Gained mutation: You are very robust. (+20% HP) [Xom's
                  | grace]
  7308 | D:8      | Gained mutation: You are extremely robust. (+30% HP) [Xom's
                  | grace]
  7327 | D:8      | XOM: divination: detect items
  7436 | D:8      | XOM: god gift: slimy arbalest {god gift}
  7437 | D:8      | Got a slimy arbalest {god gift}
  7438 | D:8      | Identified the +4 arbalest of Xom's Fury {chaos, rF+ rC-
                  | Str+4 Stlth+} (Xom gifted it to you on level 8 of the
                  | Dungeon)
  7497 | D:8      | XOM: god gift: 3590 gold pieces
  7565 | D:7      | XOM: god gift: mace {god gift}
  8013 | D:9      | XOM: 1-stop teleportation journey
  8029 | D:9      | Reached skill level 5 in Invocations
  8217 | D:9      | Noticed a three-headed hydra
  8222 | D:9      | Killed a one-headed hydra
  8222 | D:9      | Reached skill level 5 in Long Blades
  8222 | D:9      | Reached skill level 5 in Axes
  8222 | D:9      | Reached skill level 5 in Maces & Flails
  8222 | D:9      | Reached skill level 5 in Polearms
  8222 | D:9      | Reached skill level 5 in Staves
  8222 | D:9      | Reached skill level 5 in Slings
  8222 | D:9      | Reached skill level 5 in Bows
  8222 | D:9      | Reached skill level 5 in Crossbows
  8222 | D:9      | Reached skill level 5 in Throwing
  8222 | D:9      | Reached skill level 5 in Stealth
  8222 | D:9      | Reached skill level 5 in Shields
  8222 | D:9      | Reached skill level 5 in Unarmed Combat
  8222 | D:9      | Reached skill level 5 in Spellcasting
  8222 | D:9      | Reached skill level 5 in Evocations
  8222 | D:9      | Reached XP level 10. HP: 88/103 MP: 17/17
  8288 | D:9      | XOM: cast spell 'Summon Mana Viper'
  8399 | D:9      | XOM: divination: magic mapping
  8518 | D:9      | Learned a level 3 spell: Spider Form
  8522 | D:9      | Learned a level 3 spell: Tukima's Dance
  8631 | D:9      | Found a burning altar of Makhleb.
  8668 | D:9      | Found a hazy altar of Hepliaklqana.
  8668 | D:9      | XOM: 5-stop teleportation journey
  8669 | D:9      | Found an opulent altar of Gozag.
  8681 | D:9      | Found a faded altar of an unknown god.
  8683 | D:9      | Found a faded altar of an unknown god.
  8685 | D:9      | Found a radiant altar of Vehumet.
  8921 | D:9      | XOM: 2-stop teleportation journey
  9376 | D:10     | Entered Level 10 of the Dungeon
  9651 | D:10     | XOM: harmless Fire miscast
  9652 | D:10     | Found Tez Feh's Antique Armour Boutique.
  9676 | D:10     | XOM: cloud trail
  9681 | D:10     | XOM: polymorph centaur -> wolf
  9705 | D:10     | Bought a pair of runed boots for 255 gold pieces
  9710 | D:10     | Bought a cloak for 153 gold pieces
  9775 | D:10     | XOM: god gift: book of the Sky
  9833 | D:10     | Found a white marble altar of Elyvilon.
  9839 | D:10     | Learned a level 4 spell: Summon Lightning Spire
  9893 | D:10     | XOM: mild Air miscast
  9959 | D:10     | Found a staircase to the Lair.
  9979 | D:10     | XOM: confuse monster(s)
  9980 | D:10     | Noticed a two-headed ogre
  9985 | D:10     | XOM: blink monster(s)
  9986 | D:10     | Noticed a two-headed ogre
 10003 | D:10     | XOM: summons 5 hostile demons
 10004 | D:10     | XOM: swap monsters
 10013 | D:10     | Killed a two-headed ogre
 10091 | D:9      | XOM: give mutations
 10091 | D:9      | Gained mutation: You are covered in fur. (AC +1) [Xom's
                  | grace]
 10091 | D:9      | Gained mutation: You are partially covered in slimy green
                  | scales. (AC +2) [Xom's grace]
 10132 | D:10     | XOM: divination: magic mapping
 10174 | D:10     | Found a staircase to the Orcish Mines.
 10249 | D:10     | XOM: god gift: mace {god gift}
 10303 | D:10     | XOM: cleaving
 10304 | D:10     | Killed a two-headed ogre
 10348 | D:10     | XOM: harmless Fire miscast
 10485 | Lair:1   | Entered Level 1 of the Lair of Beasts
 10529 | Lair:1   | Found a frozen archway.
 10544 | Lair:1   | XOM: polymorph white imp -> iron imp
 10545 | Lair:1   | XOM: 5-stop teleportation journey
 10581 | IceCv    | Entered an ice cave
 10600 | IceCv    | Reached XP level 11. HP: 105/113 MP: 19/19
 10627 | IceCv    | XOM: cast spell 'Call Canine Familiar'
 10653 | IceCv    | XOM: confuse monster(s)
 10718 | IceCv    | Identified the Reference Book on Unstable Ignition
 10798 | IceCv    | XOM: fake destruction
 10803 | IceCv    | XOM: divination: magic mapping
 10852 | IceCv    | XOM: cleaving
 10857 | IceCv    | XOM: polymorph wolf -> worker ant
 10898 | IceCv    | XOM: enchant monster (good)
 10904 | IceCv    | Reached skill level 5 in Conjurations
 10904 | IceCv    | Reached skill level 5 in Hexes
 10904 | IceCv    | Reached skill level 5 in Charms
 10904 | IceCv    | Reached skill level 5 in Summonings
 10904 | IceCv    | Reached skill level 5 in Necromancy
 10904 | IceCv    | Reached skill level 5 in Translocations
 10904 | IceCv    | Reached skill level 5 in Transmutations
 10904 | IceCv    | Reached skill level 5 in Fire Magic
 10904 | IceCv    | Reached skill level 5 in Ice Magic
 10904 | IceCv    | Reached skill level 5 in Air Magic
 10904 | IceCv    | Reached skill level 5 in Earth Magic
 10904 | IceCv    | Reached skill level 5 in Poison Magic
 10929 | IceCv    | XOM: divination: magic mapping
 10940 | IceCv    | XOM: summons 4 friendly demons
 10943 | IceCv    | XOM: noise
 10949 | IceCv    | XOM: blink monster(s)
 10954 | IceCv    | XOM: swap monsters
 10963 | IceCv    | HP: 1/115 [polar bear (11)]
 10967 | IceCv    | Slain by a polar bear

Levels and vault maps discovered:
D:1:      co_arrival_square_in_a_square_in_a_square, layout_basic
D:2:      layout_loops_ring, evilmike_ruin_ashenzari
D:3:      layout_rooms, yredelemnul_altar_generic, first_ration,
          kennysheep_jessica_study, uniq_ijyb, uniq_robin
D:4:      layout_basic, grunt_decor_one_mirror, uniq_blork_the_orc
D:5:      layout_basic, tgw_sif
D:6:      layout_rooms, minmay_temple_entry_grid, basic_altar
D:7:      layout_basic
D:8:      layout_basic
D:9:      layout_layer_cave, lightli_temple_of_fire,
          chequers_temple_overflow_minitemple, hangedman_ranch
          [blue_anna_fruit_fields]
D:10:     layout_small_grid, dpeg_oklobed_lair, serial_shops,
          nicolae_shop_overgrown_old_shop, serial_bayou_lagoon_a,
          elyvilon_altar_3
Lair:1:   layout_regular_city, portal_ice_cave_entry_imps
IceCv:    ice_cave_caverns_03

Skill      XL: |  1  2  3  4  5  6  7  8  9 10 11 |
---------------+----------------------------------+-----
Invocations    | 1 2 3 4 5 6 |  6.7
Long Blades    | 1 2 3 5 6 |  6.1
Axes           | 1 2 3 5 6 |  6.1
Maces & Flails | 1 2 3 5 6 |  6.1
Polearms       | 1 2 3 5 6 |  6.1
Staves         | 1 2 3 5 6 |  6.1
Slings         | 1 2 3 5 6 |  6.1
Bows           | 1 2 3 5 6 |  6.1
Crossbows      | 1 2 3 5 6 |  6.1
Throwing       | 1 2 3 5 6 |  6.1
Stealth        | 1 2 3 5 6 |  6.1
Shields        | 1 2 3 5 6 |  6.1
Unarmed Combat | 1 2 3 5 6 |  6.1
Spellcasting   | 1 2 3 5 6 |  6.1
Evocations     | 1 2 3 5 6 |  6.1
Conjurations   | 1 2 3 4 5 |  5.0
Hexes          | 1 2 3 4 5 |  5.0
Charms         | 1 2 3 4 5 |  5.0
Summonings     | 1 2 3 4 5 |  5.0
Necromancy     | 1 2 3 4 5 |  5.0
Translocations | 1 2 3 4 5 |  5.0
Transmutations | 1 2 3 4 5 |  5.0
Fire Magic     | 1 2 3 4 5 |  5.0
Ice Magic      | 1 2 3 4 5 |  5.0
Air Magic      | 1 2 3 4 5 |  5.0
Earth Magic    | 1 2 3 4 5 |  5.0
Poison Magic   | 1 2 3 4 5 |  5.0
Dodging        | 3 4 5 6 |  6.7
Armour         | 5 6 7 |  7.7
Fighting       | 7 8 9 |  9.0
Short Blades   | 7 8 9 |  9.0

Action                   |  1- 3 |  4- 6 |  7- 9 | 10-12 || total
-------------------------+-------+-------+-------+-------++-------
Melee: Short sword       |    37 |     5 |     2 |   114 ||   158
       Bite              |     6 |    20 |    45 |    89 ||   160
       Whip              |    45 |   154 |   285 |   250 ||   734
       Punch             |     1 |     1 |     8 |     2 ||    12
       Dagger            |       |       |    70 |    44 ||   114
       Hand axe          |       |       |     4 |    43 ||    47
 Fire: Arbalest          |       |       |     2 |       ||     2
Throw: Javelin           |       |     1 |     9 |     6 ||    16
       Dart              |       |       |     2 |       ||     2
 Cast: Swiftness         |       |       |     1 |       ||     1
       Tukima's Dance    |       |       |       |    18 ||    18
       Summon Lightning  |       |       |       |     3 ||     3
Evoke: Wand              |       |       |       |     2 ||     2
  Use: Potion            |       |     1 |    10 |     4 ||    15
       Scroll            |       |     9 |     2 |    10 ||    21
 Stab: Confused          |     2 |     1 |       |     2 ||     5
       Sleeping          |     1 |     2 |     1 |     5 ||     9
       Invisible         |       |     5 |       |       ||     5
       Distracted        |       |       |     2 |     3 ||     5
       Paralysed         |       |       |       |     6 ||     6
  Eat: Chunk             |     1 |     5 |     8 |    11 ||    25
       Ration            |       |     1 |     2 |       ||     3
Armor: Leather armour    |    25 |    43 |       |       ||    68
       Skin              |       |     7 |       |       ||     7
       Robe              |       |     3 |    83 |   113 ||   199
Dodge: Dodged            |    50 |   123 |   188 |   303 ||   664
Block: Other             |       |       |     8 |    27 ||    35
       Buckler           |       |       |       |   141 ||   141

Table legend:
 A = Non-vault XP
 B = Vault XP
 C = Vault XP percentage of total XP
 D = Non-vault monster count
 E = Vault monster count
 F = Vault count percentage of total count
                 A         B        C        D         E       F
            +---------+---------+-------+---------+---------+-------
      Total |    6637 |    5749 |  46.4 |     173 |      57 |  24.8
            +---------+---------+-------+---------+---------+-------
        D:1 |      26 |       0 |   0.0 |      17 |       0 |   0.0
        D:2 |     137 |       0 |   0.0 |      23 |       0 |   0.0
        D:3 |     141 |     107 |  43.1 |      26 |      13 |  33.3
        D:4 |      63 |      99 |  61.1 |       3 |       1 |  25.0
        D:5 |    1185 |       0 |   0.0 |      27 |       0 |   0.0
        D:6 |    1004 |       0 |   0.0 |      25 |       0 |   0.0
        D:7 |     341 |       0 |   0.0 |      16 |       0 |   0.0
        D:8 |     312 |       0 |   0.0 |       5 |       0 |   0.0
        D:9 |     923 |    2218 |  70.6 |      10 |       8 |  44.4
       D:10 |    2505 |       0 |   0.0 |      21 |       0 |   0.0
     Lair:1 |       0 |     153 | 100.0 |       0 |      12 | 100.0
      IceCv |       0 |    3172 | 100.0 |       0 |      23 | 100.0
            +---------+---------+-------+---------+---------+-------
